 Dungeon Crawl Stone Soup version 0.24.0-28-g17ded55e90 (webtiles) character file.

Game seed: 12240468664935633759, levelgen mode: deterministic

1456 sking99 the Ruffian (level 8, -5/84 HPs)
             Began as an Ogre Transmuter on Nov 12, 2019.
             Was a Follower of Okawaru.
             Hit by a boomerang thrown by an orc warrior (8 damage)
             ... on level 7 of the Dungeon.
             The game lasted 00:13:25 (9218 turns).

sking99 the Ruffian (Ogre Transmuter)               Turns: 9218, Time: 00:13:25

Health: -5/84      AC:  5    Str: 15    XL:     8   Next: 76%
Magic:  11/12      EV: 11    Int: 16    God:    Okawaru [*.....]
Gold:   182        SH:  0    Dex:  9    Spells: 7/13 levels left

rFire    . . .     SeeInvis .     - Unarmed
rCold    . . .     Gourm    .   (no shield)
rNeg     . . .     Faith    .   b - +1 robe
rPois    .         Spirit   .   (helmet restricted)
rElec    .         Reflect  .   v - +0 cloak
rCorr    .         Harm     .   (gloves unavailable)
MR       .....                  (boots unavailable)
Stlth    +.........             (no amulet)
HPRegen  0.24/turn              (no ring)
MPRegen  0.13/turn              (no ring)

@: lethally poisoned (-5 -> -5)
A: large, unfitting armour, tough skin 1
a: Heroism, Renounce Religion


You were on level 7 of the Dungeon.
You worshipped Okawaru.
Okawaru was aware of your devotion.
You were hungry.

You visited 1 branch of the dungeon, and saw 7 of its levels.
You also visited: Ossuary.

You collected 182 gold pieces.

Inventory:

Missiles
 a - 110 arrows
 u - a throwing net (quivered)
Armour
 b - a +1 robe (worn)
 s - a +0 shield
 v - a +0 cloak (worn)
Scrolls
 g - 7 scrolls of remove curse
 h - a scroll of fear
 i - 2 scrolls of enchant armour
 k - a scroll of blinking
 l - 2 scrolls of enchant weapon
 n - a scroll of fog
 x - a scroll of teleportation
Potions
 c - a potion of haste
 f - a potion of flight
 j - 3 potions of mutation
 m - a potion of resistance
 o - a potion of brilliance {unknown}
 q - 2 potions of magic
 r - 2 potions of lignification
 t - 2 potions of invisibility
 z - a potion of cancellation {unknown}
 A - 2 potions of curing {unknown}
 B - 2 potions of agility {unknown}
Comestibles
 d - 10 rations


   Skills:
 + Level 6.5 Fighting
 + Level 3.8 Dodging
 * Level 7.0 Unarmed Combat
 - Level 3.0 Spellcasting
 - Level 3.3 Transmutations
 - Level 1.0 Poison Magic
 + Level 2.3 Invocations


You had 7 spell levels left.
You knew the following spells:

 Your Spells              Type           Power        Failure   Level  Hunger
a - Beastly Appendage     Tmut           ##....       4%          1    #......
b - Sticks to Snakes      Tmut           ##......     7%          2    ##.....
c - Spider Form           Tmut/Pois      #.........   22%         3    ###....

Your spell library contained the following spells:

 Spells                   Type           Power        Failure   Level  Hunger
 Ice Form                 Ice/Tmut       #.......     67%         4    #####..
 Blade Hands              Tmut           ##........   78%         5    ######.


Dungeon Overview and Level Annotations

Branches:
Dungeon (7/15)             Temple (0/1) D:6         Ossuary (visited)

Altars:
Okawaru
Ru
Vehumet
Yredelemnul


Innate Abilities, Weirdness & Mutations

You are too large for most types of armour.
You have tough skin. (AC +1)


Message History

Casting: Spider Form (safe; 22% risk of failure)
Confirm with . or Enter, or press ? or * to list all spells.
You are stuck in your current form!
The orc warrior hits you but does no damage.
The orc warrior hits you from afar with a +0 trident!
* * * LOW HITPOINT WARNING * * *
You feel sick.
You feel less wooden.
Your +0 cloak unmelds from your body.
Your +1 robe unmelds from your body.
The orc warrior hits you from afar with a +0 trident.
* * * LOW HITPOINT WARNING * * *
You feel much better. The orc warrior closely misses you.
You feel sick. The orc warrior closely misses you.
The orc warrior barely misses you.
The orc warrior hits you from afar with a +0 trident!
* * * LOW HITPOINT WARNING * * *
The orc warrior hits you from afar with a +0 trident!
* * * LOW HITPOINT WARNING * * *
You feel sick.
The orc warrior throws a boomerang.
The boomerang hits you!
You die...

###########
#...o.!...# #
#.)†......#
##.#..).........
#...@.)......###
.....!..........#
..##...........>#
##.#..?......#
........#....#
###....###...#
#.#.## #.. ## ##


You could see an orc warrior.

Vanquished Creatures
  Menkaure (D:4)
  A water moccasin (D:4)
  A sky beast (D:5)
  An ogre (D:6)
  A bullfrog (D:6)
  2 scorpions
  2 crimson imps
  3 hounds
  A jelly (D:6)
  3 orc priests
  2 orc wizards (D:3)
  A bullfrog skeleton (D:6)
  A centaur skeleton (D:4)
  Crazy Yiuf (D:6)
  An iguana (D:4)
  5 worker ants
  12 mummies (Ossuary)
  3 gnolls (D:4)
  5 adders
  2 shadow imps
  An ooze (D:3)
  A worm (D:2)
  2 dart slugs
  A leopard gecko (D:1)
  15 orcs
  10 bats
  5 giant cockroaches
  8 goblins
  13 hobgoblins
  2 jackals (D:2)
  8 kobolds
  2 quokkas (D:2)
  A ball python (D:2)
  8 frilled lizards
  A giant cockroach zombie (D:5)
  2 gnoll skeletons (Ossuary)
  A goblin skeleton (Ossuary)
  A jackal skeleton (D:6)
  5 kobold skeletons (Ossuary)
  A leopard gecko zombie (D:5)
  7 rats
  11 rat skeletons (Ossuary)
155 creatures vanquished.

Notes
Turn   | Place    | Note
-------+----------+-------------------------------------------
     0 | D:1      | sking99 the Ogre Transmuter began the quest for the Orb.
     0 | D:1      | Reached XP level 1. HP: 19/19 MP: 3/3
   114 | D:1      | Reached skill level 3 in Unarmed Combat
   116 | D:1      | Reached XP level 2. HP: 28/28 MP: 5/5
   124 | D:1      | Learned a level 2 spell: Sticks to Snakes
   502 | D:1      | Reached XP level 3. HP: 21/36 MP: 6/6
   631 | D:1      | Learned a level 3 spell: Spider Form
  1253 | D:2      | Reached XP level 4. HP: 34/44 MP: 8/8
  1382 | D:2      | Reached skill level 1 in Poison Magic
  2337 | D:2      | Reached XP level 5. HP: 46/52 MP: 0/9
  2838 | D:3      | Reached skill level 4 in Unarmed Combat
  3233 | D:3      | Reached XP level 6. HP: 27/61 MP: 1/10
  3853 | D:3      | Found a basalt altar of Yredelemnul.
  4640 | D:4      | Reached skill level 5 in Unarmed Combat
  4849 | D:4      | Reached XP level 7. HP: 48/71 MP: 7/11
  5472 | D:5      | Entered Level 5 of the Dungeon
  5472 | D:5      | Noticed Menkaure
  5911 | D:4      | Killed Menkaure
  5911 | D:4      | Reached skill level 5 in Fighting
  6331 | D:5      | Reached skill level 6 in Unarmed Combat
  6509 | D:5      | Reached XP level 8. HP: 58/81 MP: 9/12
  6699 | D:5      | Found a radiant altar of Vehumet.
  7057 | D:6      | Found an iron altar of Okawaru.
  7065 | D:6      | Became a worshipper of Warmaster Okawaru
  7526 | D:6      | Found a sacrificial altar of Ru.
  7593 | D:6      | Reached skill level 1 in Invocations
  7620 | D:6      | Found a staircase to the Ecumenical Temple.
  8026 | D:6      | Found a runed translucent door.
  8027 | D:6      | Noticed Crazy Yiuf
  8057 | D:6      | Killed Crazy Yiuf
  8311 | D:7      | Found a sand-covered staircase.
  8317 | Ossuary  | Entered an ossuary
  9007 | Ossuary  | Reached * piety under Okawaru
  9193 | D:7      | Reached skill level 7 in Unarmed Combat
  9217 | D:7      | HP: 4/84 [orc warrior/+0 trident (15)]
  9218 | D:7      | Hit by a boomerang thrown by an orc warrior

Levels and vault maps discovered:
D:1:      tarquinn_simple_flora_water_a, layout_rooms
D:2:      layout_basic, kennysheep_generic_room_7
D:3:      layout_basic, yredelemnul_altar_generic, first_ration
D:4:      layout_basic
D:5:      layout_basic, overflow_temple_1_default, chequers_mini_garden,
          uniq_menkaure
D:6:      layout_basic, old_standard_altar, lemuel_doored_altar,
          minmay_temple_entry_fiery, uniq_crazy_yiuf_cottage
D:7:      layout_loops_ring, nicolae_ossuary_entry_plus, grunt_ogre_cave,
          uniq_joseph, uniq_pikel

Skill      XL: |  1  2  3  4  5  6  7  8 |
---------------+-------------------------+-----
Unarmed Combat | 3 4 5 6 7 |  7.0
Fighting       | 2 3 4 5 6 |  6.5
Transmutations | 2 3 |  3.3
Poison Magic   | 1 |  1.0
Spellcasting   | 3 |  3.0
Dodging        | 3 |  3.8
Invocations    | 2 |  2.3

Action                   |  1- 3 |  4- 6 |  7- 9 || total
-------------------------+-------+-------+-------++-------
Melee: Unarmed           |   156 |   225 |   242 ||   623
       Headbutt          |     2 |       |       ||     2
       Kick              |     1 |       |       ||     1
       Punch             |       |       |     6 ||     6
 Cast: Beastly Appendage |     3 |       |       ||     3
       Spider Form       |     1 |    15 |    16 ||    32
       Sticks to Snakes  |       |     1 |    13 ||    14
  Use: Scroll            |       |    11 |     6 ||    17
       Potion            |       |       |     4 ||     4
 Stab: Sleeping          |       |     1 |       ||     1
  Eat: Chunk             |       |    12 |     5 ||    17
       Ration            |       |     1 |     3 ||     4
Armor: Robe              |    42 |    42 |    27 ||   111
       Skin              |       |     5 |    29 ||    34
Dodge: Dodged            |   107 |   149 |   123 ||   379
